 Dungeon Crawl Stone Soup version 0.21.1-1-g345015f (webtiles) character file.

86 Hasart the Covered (level 4, 0/29 HPs)
             Began as a Gargoyle Fighter on Apr 22, 2018.
             Was an Initiate of Okawaru.
             Slain by a gnoll
             ... wielding a +1 flail of holy wrath
              (6 damage)
             ... on level 3 of the Dungeon.
             The game lasted 00:01:58 (2156 turns).

Hasart the Covered (Gargoyle Fighter)               Turns: 2156, Time: 00:01:58

Health: 0/29       AC: 10    Str: 19    XL:     4   Next: 49%
Magic:  4/4        EV:  7    Int:  9    God:    Okawaru [......]
Gold:   72         SH:  9    Dex: 10    Spells: 3/3 levels left

rFire    . . .     SeeInvis .   a - +0 flail
rCold    . . .     Gourm    .   c - +0 shield
rNeg     + . .     Faith    .   b - +0 scale mail
rPois    ∞         Spirit   .   (no helmet)
rElec    +         Reflect  .   (no cloak)
rCorr    .         Harm     .   (no gloves)
MR       .....                  (no boots)
Stlth    ..........             (no amulet)
HPRegen  0.09/turn              (no ring)
MPRegen  0.09/turn              (no ring)

@: no status effects
A: negative energy resistance 1, electricity resistance, unbreathing,
petrification resistance, rot immunity, AC +3
a: Renounce Religion


You were on level 3 of the Dungeon.
You worshipped Okawaru.
Okawaru was noncommittal.
You were not hungry.

You visited 1 branch of the dungeon, and saw 3 of its levels.

You collected 72 gold pieces.

Inventory:

Hand Weapons
 a - a +0 flail (weapon)
Armour
 b - a +0 scale mail (worn)
 c - a +0 shield (worn)
Scrolls
 g - 2 scrolls of fog {unknown}
 h - a scroll of teleportation {unknown}
Potions
 d - 2 potions of might
 e - a potion of agility {unknown}
 j - a potion of degeneration {unknown}
 k - a potion of heal wounds {unknown}
Books
 i - a book of Misfortune

   Spells                             Type                      Level
   a - Confusing Touch                Hexes                        1
   b - Confuse                        Hexes                        3
   c - Gell's Gravitas                Translocation                3
   d - Petrify                        Transmutation/Earth          4
   e - Metabolic Englaciation         Hexes/Ice                    5
   f - Yara's Violent Unravelling     Hexes/Transmutation          5
Comestibles
 f - 5 rations
 l - a chunk of flesh


   Skills:
 + Level 3.8 Fighting
 * Level 3.2 Maces & Flails
 + Level 3.8 Armour
 + Level 3.8 Shields


You had 3 spell levels left.
You didn't know any spells.

Dungeon Overview and Level Annotations

Branches:
Dungeon (3/15)

Altars:
Nemelex Xobeh
Okawaru
Uskayaw


Innate Abilities, Weirdness & Mutations

You are resistant to torment.
Your stone body is resilient. (AC +3)
You are immune to poison.
You resist negative energy. (rN+)
You are resistant to electric shocks. (rElec)
You can survive without breathing.
You are immune to petrification.
You are immune to rotting.


Message History

You are too injured to fight recklessly!
You are too injured to fight recklessly!
You are too injured to fight recklessly!
You are too injured to fight recklessly!
You are too injured to fight recklessly!
You are too injured to fight recklessly!
You are too injured to fight recklessly!
You hit the gnoll but do no damage.
The gnoll is heavily wounded.
The gnoll hits you but does no damage.
You barely miss the gnoll.
The gnoll is heavily wounded.
You block the gnoll's attack.
You hit the gnoll.
The gnoll is heavily wounded.
You block the gnoll's attack.
You hit the gnoll.
The gnoll is severely wounded.
The gnoll hits you with a flail of holy wrath.
You die...

#### ###############...
#.................
#.###########.#### #.#
##.#.## #@# ##.###.##
#g# ######.## ##>.
######.##........###.#.
#......##.#######.#.##.
#......# ##.).##
#.._...##.## #...##
#..8........# #...##
#.._.[....... ##.#..
#......##.#.# #....


You could see a gnoll.

Vanquished Creatures
  2 gnolls (D:3)
  3 adders
  An ooze (D:3)
  2 worms (D:2)
  A dart slug (D:2)
  6 goblins
  A hobgoblin (D:1)
  3 jackals (D:2)
  3 kobolds
  2 bats
  5 frilled lizards
  3 rats
32 creatures vanquished.

Notes
Turn   | Place    | Note
-------+----------+-------------------------------------------
     0 | D:1      | Hasart the Gargoyle Fighter began the quest for the Orb.
     0 | D:1      | Reached XP level 1. HP: 14/14 MP: 1/1
   321 | D:1      | Reached XP level 2. HP: 19/19 MP: 2/2
  1336 | D:2      | Reached XP level 3. HP: 19/23 MP: 3/3
  1579 | D:2      | Noticed a hand axe
  1596 | D:2      | Found a hide-covered altar of Uskayaw.
  1596 | D:2      | Noticed a dagger
  2118 | D:3      | Reached XP level 4. HP: 29/29 MP: 4/4
  2119 | D:3      | Found an iron altar of Okawaru.
  2120 | D:3      | Found a sparkling altar of Nemelex Xobeh.
  2127 | D:3      | Became a worshipper of Warmaster Okawaru
  2156 | D:3      | Slain by a gnoll

Skill      XL: |  1  2  3 |
---------------+----------+-----
Maces & Flails | 3 |  3.2
Fighting       | |  3.8
Armour         | |  3.8
Shields        | |  3.8

Action                   |  1- 3 |  4- 6 || total
-------------------------+-------+-------++-------
Melee: Flail             |   127 |    20 ||   147
  Eat: Chunk             |     4 |       ||     4
Armor: Scale mail        |    77 |     3 ||    80
Dodge: Dodged            |    28 |     5 ||    33
Block: Shield            |    65 |     7 ||    72
